 Dungeon Crawl Stone Soup version 0.29-a0-222-g5b244fca1f (webtiles) character file.

Game seed: 555179519239038329

27996 drugrobin the Severer (level 12, 0/96 HPs)
             Began as a Demigod Fighter on Feb 28, 2022.
             Slain by a meliai
             ... wielding a +0 hand axe
              (4 damage)
             ... on level 13 of the Dungeon.
             The game lasted 00:31:45 (10985 turns).

drugrobin the Severer (Demigod Fighter)            Turns: 10985, Time: 00:31:45

Health: 0/96       AC: 27    Str: 42    XL:     12   Next: 72%
Magic:  15/15      EV:  7    Int: 14    God:
Gold:   822        SH: 12    Dex: 16    Spells: 11/11 levels left

rFire   + + .      SeeInvis .   a - +10 war axe of Dissatisfaction {vorpal, *Slow rF+ Dex+3}
rCold   . . .      Faith    .   q - +3 kite shield of Huboiva {Str+6}
rNeg    . . .      Spirit   .   n - +0 plate armour
rPois   .          Reflect  .   L - +2 helmet
rElec   .          Harm     .   D - +2 cloak
rCorr   .          Rampage  .   A - +2 pair of gloves
Will    +....                   V - +0 pair of boots of Facif {Str+7}
Stlth   ..........              w - amulet of regeneration
HPRegen 1.06/turn               t - +4 ring of protection
MPRegen 0.14/turn               i - ring of protection from fire

@: lethally poisoned (0 -> -1)
A: high MP 1, forlorn, divine attributes
a: no special abilities


You were on level 13 of the Dungeon.
You visited 1 branch of the dungeon, and saw 13 of its levels.
You also visited: Ossuary.

You collected 822 gold pieces.

Inventory:

Hand Weapons
 a - the +10 war axe of Dissatisfaction (weapon) {vorpal, *Slow rF+ Dex+3}
   (You found it on level 4 of the Dungeon)

   It inflicts extra damage upon your enemies.
   Dex:       It affects your dexterity (+3).
   rF:        It protects you from fire.
   *Slow:     It may slow you when you take damage.
 b - the +7 hunting sling of Luk Doissu {speed, rC++ Int+5 Dex-5}
   (You took it off an orc on level 12 of the Dungeon)

   Attacks with this weapon are significantly faster.
   Int:       It affects your intelligence (+5).
   Dex:       It affects your dexterity (-5).
   rC:        It greatly protects you from cold.
 c - a +2 hand axe of flaming
 M - a +0 short sword of venom
Missiles
 y - a throwing net
 B - 13 boomerangs (quivered)
 E - 3 curare-tipped darts
 K - 33 poisoned darts
Armour
 n - a +0 plate armour (worn)
 q - the +3 kite shield of Huboiva (worn) {Str+6}
   (You took it off a hobgoblin on level 2 of the Dungeon)

   Str:       It affects your strength (+6).
 A - a +2 pair of gloves (worn)
 D - a +2 cloak (worn)
 L - a +2 helmet (worn)
 V - the +0 pair of boots of Facif (worn) {Str+7}
   (You acquired it on level 11 of the Dungeon)

   Str:       It affects your strength (+7).
Magical Staves
 W - a staff of poison
Jewellery
 e - a ring of protection from cold
 f - a ring of protection from cold
 i - a ring of protection from fire (right hand)
 s - a ring of positive energy
 t - a +4 ring of protection (left hand)
 w - an amulet of regeneration (around neck)
 U - a ring of fire
 Z - an amulet of guardian spirit
Wands
 O - a wand of acid (17)
 P - a wand of flame (12)
 T - a wand of mindburst (18)
 Y - a wand of iceblast (5)
Scrolls
 g - 4 scrolls of amnesia {unknown}
 h - 12 scrolls of teleportation {unknown}
 j - a scroll of silence {unknown}
 l - 5 scrolls of enchant weapon {unknown}
 p - 2 scrolls of fog {unknown}
 F - 2 scrolls of torment {unknown}
 G - a scroll of blinking
 H - 3 scrolls of immolation {unknown}
 J - a scroll of magic mapping
 N - 3 scrolls of fear {unknown}
 S - 2 scrolls of identify
 X - 2 scrolls of summoning {unknown}
Potions
 d - 4 potions of might
 k - 3 potions of haste
 o - 3 potions of magic
 r - 4 potions of heal wounds
 u - a potion of flight
 v - 4 potions of curing
 x - 3 potions of brilliance
 z - a potion of resistance
 C - 3 potions of invisibility
 I - a potion of mutation
 Q - 3 potions of lignification
 R - a potion of cancellation
Miscellaneous
 m - a lightning rod (1/4)


   Skills:
 + Level 6.0 Fighting
 + Level 18.6 Axes
 + Level 6.1 Armour
 - Level 2.6 Shields


You had 11 spell levels left.
You didn't know any spells.
Your spell library contained the following spells:

 Spells                   Type           Power      Damage    Failure   Level
 Apportation              Tloc           0%         N/A       99%         1
 Shock                    Conj/Air       0%         1d3       99%         1
 Sublimation of Blood     Necr           0%         N/A       100%        2
 Wereblood                Tmut           0%         N/A       100%        2
 Dazzling Flash           Conj/Hex       0%         N/A       100%        3
 Gell's Gravitas          Tloc           0%         N/A       100%        3
 Lesser Beckoning         Tloc           0%         N/A       100%        3
 Swiftness                Air            0%         N/A       100%        3
 Teleport Other           Tloc           0%         N/A       100%        3
 Airstrike                Air            0%         N/A       100%        4
 Iskenderun's Mystic Bla  Conj/Tloc      0%         2d3       100%        4
 Summon Lightning Spire   Summ/Air       0%         N/A       100%        4
 Agony                    Necr           0%         N/A       100%        5
 Alistair's Intoxication  Tmut/Pois      0%         N/A       100%        5
 Silence                  Hex/Air        0%         N/A       100%        5
 Dispersal                Tloc           0%         N/A       100%        6
 Starburst                Conj/Fire      0%         6d3       100%        6
 Storm Form               Tmut/Air       0%         N/A       100%        7
 Summon Hydra             Summ           0%         N/A       100%        7
 Borgnjor's Revivificati  Necr           0%         N/A       100%        8
 Maxwell's Capacitive Co  Air            0%         ∞         100%        8
 Necromutation            Tmut/Necr      0%         N/A       100%        8
 Death's Door             Necr           0%         N/A       100%        9


Dungeon Overview and Level Annotations

Branches:
Dungeon (13/15)            Temple (0/1) D:4            Lair (0/6) D:8
    Orc (0/2) D:12        Ossuary (visited)
 Vaults: D:13-14

Annotations:
D:6 2 transporters


Innate Abilities, Weirdness & Mutations

You have an increased reservoir of magic. (+10% MP)
You shall have no god before yourself.
Your divine heritage dramatically boosts your attributes as you level up.


Message History

You are poisoned.
The meliai poisons you!
The meliai calls down the wrath of its god upon you.
Something smites you!
You closely miss the meliai.
You feel very sick. The meliai barely misses you.
The meliai stings you but does no damage.
You block the meliai's attack. x2
Unknown command.
You slice the meliai!!
You kill the meliai!
You feel very sick. The meliai barely misses you.
The meliai completely misses you.
You closely miss the meliai.
You feel very sick.
The meliai invokes the aid of its god against you.
Something smites you! The meliai hits you with a +0 hand axe!
The meliai stings you but does no damage.
You slice the meliai!!
The meliai is almost dead.
You feel very sick.
The meliai calls upon its god to heal the meliai.
The meliai is healed somewhat.
The meliai hits you with a +0 hand axe. The meliai barely misses you.
You hit the meliai.
The meliai is almost dead.
You feel sick. The meliai barely misses you. The meliai stings you!
The meliai mumbles some strange prayers to its god against you.
Something smites you!
* * * LOW HITPOINT WARNING * * *
You barely miss the meliai.
The meliai is almost dead.
You feel sick.
The meliai calls down the wrath of its god upon you.
Something smites you!
* * * LOW HITPOINT WARNING * * *
The meliai hits you but does no damage. The meliai closely misses you.
The meliai hits you with a +0 hand axe.
You die...

.... #....#
###.###.#.#
#.......#
#####.###
#.# #.# #.#
#######.#
#^..yy@$#
...#######


You could see 2 meliai.

Vanquished Creatures
  Gastronok (D:11)
  A very ugly thing (D:12)
  A centaur warrior (D:11)
  3 boulder beetles
  A death knight (D:11)
  3 two-headed ogres
  A tengu warrior (D:11)
  5 skeletal warriors (D:12)
  Pikel (D:7)
  2 ugly things
  3 deep elf pyromancers
  3 manticores
  A manticore (shapeshifter) (D:12)
  3 slime creatures (D:12)
  Joseph (D:9)
  A gargoyle (D:12)
  An unseen horror (D:11)
  2 kobold demonologists
  2 komodo dragons
  A tengu conjurer (D:11)
  5 trolls
  A meliai (D:13)
  A hornet (D:10)
  Sigmund (D:4)
  6 wyverns
  Eustachio (D:5)
  9 yaks
  3 wraiths
  A basilisk (D:12)
  5 vampire mosquitoes
  Edmund (D:6)
  Duvessa (D:4)
  5 water moccasins
  8 orc warriors
  2 black bears
  A sky beast (D:7)
  5 ogres (D:12)
  11 centaurs
  A phantom (D:5)
  13 kobold brigands
  4 bullfrogs
  2 gnoll sergeants (D:12)
  2 scorpions
  Dowan (D:4)
  5 killer bees (D:9)
  9 wights
  6 howler monkeys
  3 hounds
  2 jellies
  Crazy Yiuf (D:4)
  An orc priest (D:5)
  3 iguanas
  7 orc wizards
  3 mummies (Ossuary)
  11 gnolls
  7 adders
  A shadow imp (D:7)
  A white imp (D:7)
  An ufetubus (D:5)
  2 worms
  3 dart slugs
  28 orcs
  4 endoplasms
  6 giant cockroaches
  5 goblins
  6 hobgoblins
  7 jackals
  10 kobolds
  A quokka (D:1)
  7 ball pythons
  9 bats
  2 frilled lizards
  2 goblin zombies (Ossuary)
  4 hobgoblin zombies (Ossuary)
  4 kobold zombies (Ossuary)
  An orc zombie (Ossuary)
  4 rats
293 creatures vanquished.

Vanquished Creatures (others)
  A manticore (D:11)
  A fungus (D:8)
  20 plants (D:8)
22 creatures vanquished.

Grand Total: 315 creatures vanquished

Notes
Turn   | Place    | Note
-------+----------+-------------------------------------------
     0 | D:1      | drugrobin the Demigod Fighter began the quest for the Orb.
     0 | D:1      | Reached XP level 1. HP: 18/18 MP: 3/3
    69 | D:1      | Reached skill level 2 in Axes
   411 | D:1      | Reached XP level 2. HP: 25/25 MP: 4/4
   775 | D:1      | Reached skill level 3 in Axes
  1127 | D:1      | Reached XP level 3. HP: 30/30 MP: 5/5
  1758 | D:2      | Identified the +3 kite shield of Huboiva {Str+6}
  1994 | D:2      | Reached skill level 4 in Axes
  1994 | D:2      | Reached XP level 4. HP: 32/37 MP: 6/6
  2494 | D:3      | Reached skill level 5 in Axes
  2494 | D:3      | Reached XP level 5. HP: 36/42 MP: 7/7
  3431 | D:4      | Noticed Duvessa
  3432 | D:4      | Noticed Dowan
  3471 | D:4      | Found a staircase to the Ecumenical Temple.
  3539 | D:4      | Identified the +10 war axe of Dissatisfaction {vorpal,
                  | *Slow rF+ Dex+3}
  3570 | D:4      | Killed Duvessa
  3570 | D:4      | Killed Dowan
  3571 | D:4      | Reached skill level 6 in Axes
  3571 | D:4      | Reached XP level 6. HP: 37/50 MP: 8/8
  3614 | D:4      | Found a runed translucent door.
  3615 | D:4      | Noticed Crazy Yiuf
  3654 | D:4      | Noticed Sigmund
  3663 | D:4      | Killed Sigmund
  3664 | D:4      | Reached skill level 7 in Axes
  4039 | D:4      | Reached XP level 7. HP: 56/56 MP: 9/9
  4188 | D:4      | Killed Crazy Yiuf
  4251 | D:5      | Entered Level 5 of the Dungeon
  4298 | D:5      | Noticed Eustachio
  4307 | D:5      | Killed Eustachio
  4308 | D:5      | Reached skill level 8 in Axes
  4842 | D:6      | Noticed a wraith
  4842 | D:6      | Noticed a shadow
  4844 | D:6      | Found a transporter.
  4886 | D:6      | Found a transporter.
  4912 | D:6      | Noticed a vampire
  4957 | D:6      | Reached skill level 9 in Axes
  5252 | D:6      | Noticed Edmund
  5260 | D:6      | Killed Edmund
  5261 | D:6      | Reached XP level 8. HP: 62/62 MP: 10/10
  5563 | D:6      | Reached skill level 10 in Axes
  5705 | D:7      | Identified the +1 pair of gloves of Durom {Harm rF+ rN+
                  | Dex+4}
  5905 | D:8      | Noticed an eight-headed hydra
  5905 | D:8      | Noticed a deep elf pyromancer
  5905 | D:8      | Noticed a purple ugly thing
  5905 | D:8      | Noticed a two-headed ogre
  5906 | D:8      | Noticed a fire crab
  5916 | D:8      | Noticed a boulder beetle
  5916 | D:8      | Noticed a centaur warrior
  5927 | D:8      | Noticed a gargoyle
  5930 | D:8      | Reached skill level 11 in Axes
  5933 | D:8      | Found a sand-covered staircase.
  5942 | Ossuary  | Entered an ossuary
  6313 | D:8      | Reached XP level 9. HP: 58/68 MP: 11/11
  6345 | D:8      | Noticed a yaktaur
  6351 | D:8      | Noticed Pikel
  6381 | D:7      | Reached skill level 12 in Axes
  6455 | D:7      | Killed Pikel
  6458 | D:7      | Reached skill level 13 in Axes
  6884 | D:8      | Found a staircase to the Lair.
  6970 | D:8      | Noticed a cyclops
  6970 | D:8      | Noticed a shock serpent
  6970 | D:8      | a cyclops changed into a shock serpent
  7190 | D:9      | Reached XP level 10. HP: 61/74 MP: 13/13
  7267 | D:9      | Noticed Joseph
  7289 | D:9      | Killed Joseph
  7290 | D:9      | Reached skill level 14 in Axes
  7357 | D:9      | Identified the +5 long sword "Emeexkum" {flame, rElec}
  8053 | D:10     | Entered Level 10 of the Dungeon
  8077 | D:10     | Noticed a two-headed ogre
  8084 | D:10     | Killed a two-headed ogre
  8085 | D:10     | Reached skill level 15 in Axes
  8219 | D:10     | Noticed a two-headed ogre
  8245 | D:10     | Killed a two-headed ogre
  8355 | D:10     | Noticed a rust devil
  8735 | D:10     | Reached XP level 11. HP: 69/81 MP: 14/14
  8858 | D:10     | Reached skill level 16 in Axes
  9086 | D:11     | Noticed a boulder beetle
  9115 | D:10     | Killed a boulder beetle
  9190 | D:11     | Noticed a deep elf pyromancer
  9199 | D:11     | Noticed a death knight
  9200 | D:11     | Noticed a boulder beetle
  9201 | D:11     | Identified the +10 quarterstaff of the Harvest {vamp, rC+
                  | Will+ MP+9}
  9201 | D:11     | Noticed a centaur warrior
  9202 | D:11     | Noticed a deep elf pyromancer
  9207 | D:11     | Noticed a deep elf pyromancer
  9212 | D:11     | Killed a death knight
  9219 | D:11     | Killed a boulder beetle
  9295 | D:11     | Killed a deep elf pyromancer
  9302 | D:11     | Killed a centaur warrior
  9303 | D:11     | Reached skill level 17 in Axes
  9350 | D:10     | Killed a deep elf pyromancer
  9501 | D:11     | Killed a deep elf pyromancer
  9618 | D:11     | Noticed Gastronok
  9632 | D:11     | Killed Gastronok
  9709 | D:11     | Noticed a tengu warrior
  9733 | D:11     | Killed a tengu warrior
  9800 | D:11     | Reached skill level 18 in Axes
  9882 | D:11     | Identified a scroll of acquirement
  9883 | D:11     | Acquired the +0 pair of boots of Facif {Str+7}
  9987 | D:12     | Noticed a two-headed ogre
 10000 | D:12     | Killed a two-headed ogre
 10074 | D:11     | Reached XP level 12. HP: 80/89 MP: 15/15
 10254 | D:12     | Noticed a boulder beetle
 10366 | D:11     | Killed a boulder beetle
 10581 | D:12     | Reached skill level 5 in Fighting
 10581 | D:12     | Reached skill level 5 in Armour
 10594 | D:12     | Found a staircase to the Orcish Mines.
 10764 | D:12     | Noticed a white very ugly thing
 10778 | D:12     | Killed a white very ugly thing
 10811 | D:12     | Identified the +7 hunting sling of Luk Doissu {speed, rC++
                  | Int+5 Dex-5}
 10985 | D:13     | HP: 4/96 [meliai/divine providence (9)]
 10985 | D:13     | Slain by a meliai

Illustrated notes

Levels and vault maps discovered:
D:1:      tarquinn_simple_flora_water_e, layout_basic, minmay_hexomino_c4
D:2:      layout_basic, chequers_ecumenical_altar_island
D:3:      layout_loops_ring, mainiacjoe_overflow_catwalk,
          gammafunk_temple_overflow_claw, serial_rivers,
          chequers_serial_rivers_micro_e, chequers_serial_rivers_small_3,
          chequers_serial_rivers_micro_a, chequers_serial_rivers_micro_a,
          chequers_serial_rivers_micro_d
D:4:      layout_loops_cross, minmay_temple_entry_large_hall, moated_statue,
          kennysheep_generic_room_11, uniq_crazy_yiuf_cottage, uniq_duvessa,
          uniq_sigmund
D:5:      layout_basic, minivault_27, uniq_eustachio
D:6:      layout_gridville, gammafunk_temple_overflow_arena,
          overflow_temple_1_default, fiery_altar_vehumet, kennysheep_mini,
          mainiacjoe_overflow_alcove_4, uniq_edmund
D:7:      layout_gridville
D:8:      layout_loops_ring, minmay_lair_entry_grove,
          lightli_ossuary_entry_decrepit_ruins, minivault_12, uniq_pikel
D:9:      layout_irregular_city, nemelex_xobeh_ov_fountains_minmay,
          minmay_circle_x, uniq_joseph
D:10:     layout_rooms, special_room [special_room_kobold]
D:11:     minmay_the_grid_triangle_9x9_recursive_2_mashed
          [minmay_the_grid_triangle_9x9_prize_center,
          minmay_the_grid_triangle_9x9_zippers_vertical,
          minmay_the_grid_triangle_9x9_shrine,
          minmay_the_grid_triangle_9x9_from_above], layout_rooms, uniq_gastronok
D:12:     layout_rooms, kennysheep_orc_monster_closet_entryway, grunt_potential
D:13:     layout_loops_cross, serial_shops, kennysheep_mini_moat, uniq_nessos

Skill      XL: |  1  2  3  4  5  6  7  8  9 10 11 12 |
---------------+-------------------------------------+-----
Axes           | 2 3 4 5 6 7 9 11 13 15 18 | 18.6
Fighting       | 3 6 |  6.0
Armour         | 3 6 |  6.1
Shields        | |  2.6

Action                   |  1- 3 |  4- 6 |  7- 9 | 10-12 || total
-------------------------+-------+-------+-------+-------++-------
Melee: War axe           |    33 |    21 |   190 |   417 ||   661
       Hand axe          |    56 |    77 |       |    47 ||   180
 Fire: Hunting sling     |     3 |     5 |       |     2 ||    10
Throw: Stone             |     2 |     2 |       |       ||     4
       Throwing net      |       |     1 |       |     7 ||     8
       Dart              |       |       |       |     8 ||     8
Evoke: Wand              |       |       |       |     4 ||     4
       Lightning rod     |       |       |       |     4 ||     4
  Use: Scroll            |       |       |       |    16 ||    16
 Stab: Held in net/web   |       |       |       |     4 ||     4
Armor: Scale mail        |    27 |    47 |    63 |    20 ||   157
       Plate armour      |       |       |       |   220 ||   220
Dodge: Dodged            |    38 |    26 |    36 |    98 ||   198
Block: Buckler           |     8 |       |       |       ||     8
       Kite shield       |     3 |    53 |    93 |   234 ||   383

Table legend: (Time is in decaauts)
 A = Elapsed time spent in this place.
 B = Non-inter-level travel time spent in this place.
 C = Inter-level travel time spent in this place.
 D = Time resting spent in this place.
 E = Time spent auto-exploring this place.
 F = Levels seen in this place.
 G = Mean time per level.
                   A        B        C        D        E       F      G
               +--------+--------+--------+--------+--------+-----+--------+
         Total |  11042 |  10491 |    551 |   1172 |   6468 |  14 |  788.7 |
       Dungeon |  10677 |  10126 |    551 |   1172 |   6211 |  13 |  821.3 |
       Ossuary |    364 |    364 |      0 |      0 |    257 |   1 |  364.0 |
               +--------+--------+--------+--------+--------+-----+--------+

Top non-repeatable levels by time:
     D:1: 1393 daAuts
     D:2: 1112 daAuts
     D:9: 1062 daAuts
    D:10: 1048 daAuts
     D:3: 1027 daAuts
    D:11: 906 daAuts
    D:12: 786 daAuts
     D:4: 783 daAuts
     D:8: 759 daAuts
     D:6: 750 daAuts
     D:5: 529 daAuts
     D:7: 464 daAuts
 Ossuary: 364 daAuts
    D:13: 53 daAuts
